Map: Torres Crepusculares

Players

Sif

  • Race: Terran Terran
  • League: Master

TheZergLord - Winner!

  • Race: Zerg Zerg
  • League: Master

VOD

Have the link to the VOD?

Description

Time

  • Played on: Feb. 20, 2016, 5:35 a.m.
  • Length: 14:18
Show
View Real Time Build Order
Export as new Build Order

Sif Terran 

Build Orders: Bio Tank 

Get SALT Encoding   

  12  0:00  SCV  
  13  0:13  SCV  
  14  0:18  Supply Depot  
  14  0:25  SCV  
  15  0:39  SCV  
  15  0:41  Barracks  
  16  0:46  Refinery  
  16  0:51  SCV  
  17  1:03  SCV  
  18  1:16  SCV  
  19  1:30  Orbital Command, Barracks Reactor  
  19  1:42  Command Center  
  19  1:51  Supply Depot  
  19  1:56  Refinery  
  19  1:59  SCV  
  20  2:06  Reaper  
  20  2:07  Reaper  
  22  2:12  SCV  
  23  2:20  Barracks  
  23  2:31  SCV  
  23  2:32  Barracks  
  24  2:39  Reaper x2  
  24  2:43  SCV  
  27  2:54  Orbital Command  
  27  2:56  SCV  
  28  3:13  Reaper x2  
  28  3:14  Barracks Tech Lab  
  30  3:21  SCV  
  30  3:26  Factory  
  31  3:27  SCV  
  31  3:33  SCV  
  33  3:40  SCV  
  34  3:42  Stimpack  
  34  3:45  Marine x2, SCV  
  34  3:47  Marine x2  
  39  3:49  Supply Depot  
  39  3:52  SCV  
  40  3:58  SCV  
  41  4:03  Marine x2  
  41  4:05  SCV  
  44  4:10  SCV  
  45  4:30  Marine  
  45  4:31  Marine x3  
  48  4:32  Factory Reactor  
  48  4:34  SCV x2  
  48  4:35  Starport  
  51  4:39  Supply Depot  
  51  4:42  Command Center  
  48  5:08  Marine x4  
  48  5:13  Refinery, SCV x2  
  54  5:14  Supply Depot, Refinery  
  54  5:22  Engineering Bay x2  
  54  5:23  Medivac x2, Factory Tech Lab  
  54  5:25  SCV  
  54  5:26  Marine x3  
  62  5:30  Supply Depot  
  62  5:32  Marine, SCV  
  64  5:37  SCV  
  65  5:43  Marine x2  
  65  5:44  SCV  
  65  5:45  Siege Tank  
  65  5:47  Barracks Reactor  
  65  5:49  Marine, SCV  
  72  5:52  Medivac  
  72  5:55  Orbital Command  
  72  5:56  SCV  
  76  6:01  SCV  
  77  6:07  Marine x3  
  77  6:08  Combat Shields, SCV  
  81  6:15  Barracks  
  81  6:17  Siege Tank  
  84  6:18  Orbital Command  
  84  6:25  Marine x3  
  86  6:28  Marine x2  
  85  6:43  Marine x3  
  85  6:46  Marine x2  
  89  6:49  Siege Tank  
  92  7:00  Marine, SCV x3  
  92  7:01  Marine x2  
  97  7:04  Marine x2  
  97  7:05  Barracks Reactor  
  97  7:06  Barracks  
  97  7:07  Barracks x2  
  99  7:18  Marine  
  99  7:22  Marine, Siege Tank  
  101  7:28  Terran Infantry Weapons Level 1  
  101  7:29  Supply Depot, Terran Infantry Armor Level 1  
  101  7:31  Supply Depot  
  101  7:34  Medivac x2, Marine x3  
  108  7:47  Marine  
  108  7:49  Marine  
  108  7:50  Marine x2  
  111  7:51  Marine x3  
  111  7:54  Siege Tank  
  117  8:05  Marine  
  117  8:07  Marine, Barracks Reactor  
  117  8:08  Marine x2  
  104  8:15  Marine x5  
  106  8:23  Marine, SCV x2  
  106  8:25  Marine  
  106  8:26  Marine x2, Siege Tank  
  115  8:29  Supply Depot x2  
  115  8:30  Missile Turret  
  115  8:32  Missile Turret  
  115  8:34  Missile Turret  
  115  8:35  Missile Turret  
  115  8:36  Armory  
  115  8:38  Marine x2  
  115  8:41  Marine  
  118  8:42  SCV x3  
  118  8:44  Supply Depot  
  118  8:47  Barracks Reactor  
  121  8:50  Marine x6  
  127  8:56  Marine  
  127  8:57  Marine  
  127  8:59  Marine  
  127  9:01  Siege Tank  
  132  9:08  Marine x4, Barracks Reactor  
  132  9:09  Marine x2  
  137  9:12  SCV x2  
  137  9:14  Marine x2  
  137  9:15  Supply Depot  
  137  9:16  Marine  
  143  9:17  Supply Depot  
  143  9:22  SCV  
  143  9:24  Terran Infantry Weapons Level 2  
  144  9:27  Supply Depot  
  126  10:02  Marine x2  
  126  10:03  Marauder, Marine x7  
  126  10:04  Marine x3, Siege Tank  
  143  10:20  Marine x3  
  143  10:21  Marine x2  
  145  10:23  Marine x2  
  145  10:24  Marine x4  
  148  10:31  Marine x2  
  118  10:37  Siege Tank  
  118  10:38  Marine x4  
  118  10:39  Marine  
  118  10:41  Marine  
  118  10:42  Marine  
  127  10:43  Marine x4  
  127  10:49  Marauder, Marine  
  126  10:56  Command Center, Marine x5  
  116  10:59  Marine, SCV x2, Terran Infantry Armor Level 2  
  116  11:00  Marine x3  
  116  11:01  Marine x2  
  116  11:02  Supply Depot  
  124  11:05  Refinery x2  
  124  11:06  Marine  
  124  11:08  Missile Turret  
  124  11:09  Siege Tank  
  124  11:10  Medivac  
  130  11:18  Missile Turret  
  130  11:24  Marine  
  130  11:25  Marauder, Marine x3  
  135  11:26  Marine x3  
  139  11:33  Marine x5  
  144  11:45  Marine, Siege Tank  
  144  11:46  Marauder, Marine x3  
  153  12:04  Marine x5  
  153  12:05  Marine x2  
  156  12:16  Marine x2  
  156  12:17  Marine, Siege Tank  
  157  12:27  Marine x2  
  157  12:28  Marine x4  
  135  12:47  Marine  
  114  13:29  Marauder, Marine x2  
  114  13:30  Marine  
  63  13:35  Marine x3  
  63  13:36  Marine  
  54  13:45  Siege Tank  
  50  13:53  SCV x3  
Show
View Real Time Build Order
Export as new Build Order

TheZergLord Zerg - Winner!

Build Orders: Hatch First, Muta Ling Bane 

Get SALT Encoding   

  12  0:01  Drone  
  13  0:13  Overlord  
  13  0:17  Drone  
  14  0:31  Drone  
  14  0:32  Drone  
  14  0:35  Drone  
  17  0:54  Hatchery  
  17  0:56  Drone  
  17  1:09  Spawning Pool  
  16  1:11  Drone  
  16  1:14  Extractor  
  16  1:17  Drone  
  17  1:20  Drone  
  18  1:29  Drone  
  19  1:40  Overlord  
  19  1:55  Queen  
  19  1:56  Zergling x2  
  22  2:01  Zergling x2  
  22  2:06  Queen  
  22  2:07  Zergling x2  
  26  2:12  Drone  
  27  2:18  Metabolic Boost  
  27  2:24  Drone x2  
  27  2:28  Drone  
  30  2:42  Queen  
  31  2:51  Hatchery  
  31  2:53  Overlord  
  31  2:56  Drone x2  
  32  2:58  Drone  
  32  3:00  Drone  
  32  3:04  Drone x2  
  36  3:16  Zergling x6  
  38  3:24  Overlord  
  38  3:25  Drone x2  
  38  3:26  Drone  
  41  3:27  Drone  
  42  3:44  Drone, Queen  
  42  3:45  Queen  
  47  3:51  Drone x3  
  47  3:52  Drone  
  51  4:08  Overlord, Queen  
  51  4:09  Drone x3  
  56  4:15  Overlord x2  
  56  4:25  Queen  
  58  4:31  Zergling x2  
  58  4:34  Overlord x3  
  58  4:35  Zergling x4  
  58  4:36  Zergling x10  
  59  5:08  Drone x9  
  59  5:09  Lair  
  59  5:12  Queen  
  70  5:18  Spine Crawler, Overlord  
  70  5:20  Drone x3  
  72  5:23  Evolution Chamber  
  72  5:24  Evolution Chamber  
  72  5:26  Overlord  
  70  5:31  Zergling x4  
  72  5:36  Zergling x2  
  72  5:41  Zergling x2  
  72  5:42  Zergling x12  
  80  5:49  Drone  
  81  5:52  Zerg Ground Armor Level 1  
  81  5:53  Drone x2, Zerg Melee Weapons Level 1  
  81  5:55  Drone x2  
  84  6:01  Hatchery  
  83  6:11  Overlord  
  83  6:18  Drone  
  83  6:19  Zergling x2  
  83  6:20  Zergling x16  
  83  6:22  Baneling Nest  
  84  6:54  Drone x14  
  84  6:55  Drone  
  84  6:59  Drone  
  100  7:02  Extractor  
  100  7:03  Extractor  
  100  7:04  Extractor x2  
  100  7:06  Extractor  
  92  7:08  Hatchery  
  88  7:18  Zergling x10  
  88  7:22  Centrifical Hooks  
  87  7:27  Baneling x3  
  87  7:40  Baneling x4  
  87  7:42  Zergling x24  
  99  8:00  Zergling x2  
  99  8:01  Zergling x6  
  97  8:24  Drone  
  97  8:25  Drone x4, Spire  
  101  8:28  Drone x3  
  101  8:29  Drone, Zerg Ground Armor Level 2  
  101  8:30  Zerg Melee Weapons Level 2  
  101  8:31  Queen  
  101  8:33  Hatchery  
  106  8:36  Zergling x14  
  106  8:37  Infestation Pit  
  106  8:38  Baneling  
  106  8:39  Baneling x9  
  112  8:42  Hatchery  
  112  8:47  Pneumatized Carapace  
  111  8:51  Zergling x2  
  111  8:52  Zergling x8  
  116  9:01  Overlord x4  
  116  9:02  Zergling x6  
  119  9:03  Zergling x8  
  123  9:17  Hive  
  123  9:20  Overlord x2  
  123  9:22  Overseer  
  123  9:36  Zergling x10  
  123  9:37  Zergling x6  
  131  9:39  Mutalisk  
  131  9:40  Mutalisk x6  
  145  9:47  Zergling x2  
  145  9:48  Zergling x18  
  138  10:03  Baneling  
  138  10:04  Baneling x15  
  138  10:05  Zergling x18  
  116  10:36  Adrenal Glands  
  116  10:39  Drone  
  116  10:40  Drone x11, Ultralisk Cavern  
  108  10:53  Zergling x4  
  108  10:54  Zergling x4  
  105  11:07  Mutalisk x2  
  105  11:08  Mutalisk x3  
  105  11:10  Zergling x8  
  105  11:11  Zergling x2  
  120  11:13  Hatchery, Baneling  
  120  11:14  Baneling x9  
  119  11:18  Zergling x2  
  119  11:19  Zergling x6  
  119  11:22  Hatchery  
  119  11:23  Zergling x4  
  123  11:26  Baneling x7  
  123  11:27  Zergling x2  
  124  11:35  Zergling x4  
  124  11:36  Zergling x12  
  132  11:43  Chitinous Plating  
  132  11:50  Zergling x4, Ultralisk  
  132  11:51  Zergling x14  
  147  12:01  Zergling x6  
  144  12:30  Ultralisk x3  
  160  12:42  Zergling x2, Ultralisk  
  160  12:43  Zergling x10  
  160  12:44  Zergling x2  
  169  13:06  Zergling x10  
  161  13:31  Zergling x14  
  161  13:32  Zergling x4  
  157  14:01  Extractor  
  156  14:04  Extractor  
Tags
 
Add a new tag
Caveats
  • Supply blocks, unpowered buildings, or Contaminate may cause inaccurate times.
  • Supply counts are checked every 10 seconds.